Map: Invader LE

Players

blackxored - Winner!

  • Race: Zerg Zerg
  • League: Diamond

RougeSang

  • Race: Terran Terran
  • League: Diamond

VOD

Have the link to the VOD?

Description

Time

  • Played on: June 30, 2016, 1:31 p.m.
  • Length: 22:18
Show
View Real Time Build Order
Export as new Build Order

blackxored Zerg - Winner!

Build Orders: Hatch First, Muta Ling Bane 

Get SALT Encoding   

  12  0:01  Drone  
  13  0:08  Drone  
  14  0:17  Overlord  
  14  0:23  Extractor  
  14  0:24  Drone  
  15  0:37  Drone x2  
  17  0:53  Hatchery  
  17  0:55  Drone  
  17  0:59  Drone  
  18  1:10  Extractor  
  17  1:13  Spawning Pool  
  17  1:16  Drone  
  17  1:20  Drone  
  18  1:28  Drone  
  19  1:45  Overlord  
  19  1:51  Drone  
  20  1:59  Queen  
  22  2:03  Zergling x2  
  22  2:04  Queen  
  22  2:05  Zergling x2  
  26  2:11  Zergling x2  
  26  2:13  Metabolic Boost  
  27  2:19  Drone  
  27  2:21  Drone  
  29  2:29  Drone  
  30  2:31  Drone  
  31  2:40  Hatchery  
  30  2:52  Pneumatized Carapace  
  30  2:55  Drone x3  
  33  3:01  Queen  
  35  3:06  Overlord  
  35  3:10  Drone  
  36  3:21  Overlord  
  36  3:28  Zergling x2  
  36  3:29  Zergling x10  
  41  3:45  Zergling x4  
  41  3:46  Zergling x8  
  44  4:01  Drone x5  
  49  4:09  Lair  
  49  4:14  Overlord  
  49  4:19  Drone x3  
  49  4:21  Queen  
  49  4:22  Baneling Nest  
  53  4:50  Zergling x20  
  60  4:56  Queen  
  60  4:57  Drone x3  
  60  5:24  Drone x3  
  60  5:25  Spire, Drone x3  
  60  5:26  Drone  
  66  5:28  Extractor  
  66  5:35  Overlord x3  
  65  5:39  Queen  
  65  5:40  Spore Crawler  
  65  5:44  Baneling Nest  
  58  5:59  Zergling x2  
  58  6:00  Zergling x16  
  67  6:12  Drone  
  67  6:13  Drone x2  
  67  6:16  Queen  
  65  6:40  Baneling x9  
  59  7:00  Zergling x24  
  68  7:12  Drone x3  
  71  7:17  Extractor  
  71  7:18  Extractor  
  69  7:25  Centrifical Hooks  
  69  7:27  Drone x3, Evolution Chamber x2  
  70  7:34  Drone x5  
  75  7:39  Hatchery  
  68  7:53  Zergling x2  
  68  7:54  Zergling x12  
  68  8:26  Overseer  
  67  8:29  Overseer  
  67  8:32  Mutalisk  
  67  8:33  Mutalisk x3  
  75  8:35  Drone x7  
  82  8:50  Baneling x3  
  82  8:52  Zergling x12  
  88  8:58  Extractor, Drone  
  88  8:59  Extractor  
  88  9:00  Drone  
  86  9:46  Zerg Ground Armor Level 1  
  86  9:48  Drone  
  86  9:49  Overlord x3  
  86  9:50  Overlord  
  86  9:51  Overlord x4  
  87  9:58  Overlord  
  87  9:59  Overlord x3  
  87  10:21  Zergling x40  
  89  10:24  Zergling x6  
  92  10:30  Zergling x8  
  92  10:35  Zergling x4  
  92  10:41  Baneling x7  
  92  10:42  Baneling  
  88  10:43  Zergling x6  
  88  10:47  Drone  
  86  11:07  Zergling x22  
  86  11:10  Hatchery  
  95  11:16  Zerg Melee Weapons Level 1  
  95  11:27  Zergling x12  
  83  12:13  Zergling x2  
  83  12:14  Zergling x16  
  66  12:25  Drone x4  
  66  12:29  Zergling x2  
  71  12:36  Drone x2  
  73  12:47  Zergling x10  
  73  12:48  Baneling x4  
  73  12:49  Baneling x25  
  78  12:52  Zergling x2  
  78  12:54  Queen  
  81  12:58  Drone x3  
  81  12:59  Drone x5  
  81  13:02  Zerg Flyer Weapons Level 1, Mutalisk  
  81  13:03  Hatchery  
  81  13:04  Zergling x2  
  91  13:07  Zergling x2  
  94  13:19  Drone x6  
  98  13:22  Zergling x2  
  99  13:30  Zergling x10  
  99  13:31  Zergling x4  
  106  13:37  Zergling x6  
  106  13:39  Zerg Melee Weapons Level 2  
  106  13:40  Zerg Ground Armor Level 2  
  109  13:50  Zergling x10  
  102  13:59  Zergling x16  
  105  14:05  Mutalisk x3  
  111  14:19  Zergling x2  
  111  14:20  Zergling x12  
  118  14:27  Zergling x12  
  118  14:28  Zergling x6  
  119  14:32  Drone  
  119  14:34  Infestation Pit  
  119  14:39  Drone x4  
  119  14:44  Drone x3  
  126  14:46  Drone  
  126  14:47  Extractor  
  126  14:48  Extractor  
  125  15:08  Drone x3  
  125  15:09  Drone x4  
  125  15:11  Zergling x18  
  125  15:13  Baneling x11  
  125  15:14  Baneling  
  141  15:18  Hive  
  140  15:29  Baneling x13  
  140  15:37  Drone x5  
  129  15:54  Zergling x32  
  129  15:55  Zergling x10  
  142  16:03  Spire  
  139  16:06  Extractor, Drone x4  
  139  16:07  Extractor, Drone x2  
  139  16:09  Hatchery  
  139  16:10  Extractor  
  141  16:12  Extractor  
  141  16:16  Zergling x22  
  151  16:21  Spore Crawler  
  149  16:34  Ultralisk Cavern  
  148  16:41  Mutalisk x6  
  148  16:42  Mutalisk x2  
  134  17:06  Zergling x2  
  134  17:07  Zergling x30  
  144  17:16  Zergling x2  
  144  17:17  Zergling x8  
  144  17:18  Baneling  
  144  17:19  Baneling x6  
  149  17:39  Zergling x12  
  149  17:40  Zergling x14  
  160  17:51  Zergling x16  
  160  17:53  Queen  
  160  17:57  Chitinous Plating  
  162  18:00  Drone  
  162  18:01  Drone x2  
  165  18:21  Zergling x22  
  162  18:46  Zergling x12  
  162  18:47  Ultralisk x4  
  163  19:08  Mutalisk x12  
  170  19:16  Zergling x4  
  170  19:17  Zergling x6  
  173  19:28  Ultralisk x2  
  170  19:51  Mutalisk x7  
  170  19:52  Mutalisk x2  
  188  19:54  Zerg Flyer Weapons Level 2  
  176  20:13  Ultralisk  
  176  20:14  Ultralisk x2  
  178  20:33  Ultralisk  
  178  20:34  Overlord x4  
  183  20:43  Baneling x4  
  183  20:44  Baneling x27  
  183  21:07  Hatchery  
  183  21:10  Ultralisk x3  
  193  21:40  Zergling x8  
  193  21:41  Zergling x10  
  200  21:53  Zergling x14  
Show
View Real Time Build Order
Export as new Build Order

RougeSang Terran 

Build Orders: Liberator Opening, MMM Bio 

Get SALT Encoding   

  12  0:00  SCV  
  13  0:13  SCV  
  14  0:18  Supply Depot  
  14  0:25  SCV  
  14  0:28  Refinery  
  15  0:41  Barracks  
  15  0:45  SCV  
  16  0:57  SCV  
  17  1:09  SCV  
  18  1:21  SCV  
  19  1:30  Marine  
  19  1:31  Factory  
  20  1:37  Orbital Command  
  20  1:47  Supply Depot  
  20  1:49  Reaper  
  21  2:03  SCV  
  22  2:15  Hellion, SCV  
  25  2:21  Reaper  
  26  2:27  SCV  
  29  2:37  Hellion, Command Center  
  29  2:41  Supply Depot  
  29  2:53  Starport, Refinery, SCV  
  30  3:02  Barracks Tech Lab  
  30  3:05  SCV  
  31  3:12  Factory Reactor  
  31  3:17  SCV  
  32  3:29  Liberator, SCV  
  32  3:31  Barracks  
  33  3:39  Supply Depot  
  33  3:41  SCV  
  37  3:50  Orbital Command  
  37  3:53  SCV  
  32  3:58  Hellion  
  32  4:00  Hellion  
  36  4:05  SCV  
  37  4:18  SCV  
  37  4:19  SCV  
  37  4:20  Hellion  
  37  4:22  Marine, Hellion  
  44  4:26  Stimpack  
  44  4:30  SCV  
  44  4:31  SCV  
  43  4:42  SCV  
  40  4:52  Marine  
  31  4:53  Hellion  
  31  4:54  Hellion, SCV  
  36  5:00  Orbital Command  
  36  5:06  SCV  
  45  5:14  Liberator  
  37  5:15  Hellion x2  
  37  5:19  SCV  
  42  5:25  SCV  
  43  5:31  SCV  
  47  5:36  Supply Depot, Hellion  
  47  5:42  SCV  
  50  5:43  SCV  
  47  5:54  SCV  
  47  5:55  Marine x2, SCV  
  43  6:00  Orbital Command  
  38  6:07  SCV  
  37  6:13  Marine x2  
  37  6:17  Orbital Command  
  36  6:19  SCV  
  37  6:30  Widow Mine x2  
  37  6:31  Marine x2, SCV  
  42  6:40  Orbital Command  
  42  6:42  SCV  
  42  6:43  SCV  
  43  6:55  SCV  
  43  6:59  Hellion x2  
  48  7:01  Marine x2  
  48  7:04  Medivac  
  48  7:07  SCV  
  53  7:14  Combat Shields  
  53  7:18  SCV  
  53  7:19  Marine  
  53  7:21  SCV  
  56  7:31  SCV  
  56  7:33  SCV  
  56  7:34  Medivac  
  60  7:43  Marine  
  62  7:50  SCV  
  45  8:01  Marine x3  
  45  8:02  SCV  
  45  8:04  Factory Tech Lab  
  44  8:09  Orbital Command  
  44  8:14  SCV  
  44  8:19  Marine x2  
  47  8:26  Marine, SCV  
  43  8:37  Marine x2, SCV  
  43  8:38  Siege Tank, SCV  
  43  8:41  Medivac  
  52  8:44  Marine  
  51  8:49  SCV  
  51  8:50  SCV  
  51  8:52  Command Center  
  51  8:54  Marine  
  51  8:55  Marine  
  55  9:01  SCV  
  55  9:02  Marine, SCV  
  58  9:11  Medivac  
  58  9:12  Marine  
  58  9:13  SCV  
  62  9:24  Liberator  
  62  9:26  SCV  
  62  9:27  SCV  
  62  9:28  Supply Depot, Marine  
  62  9:30  Marine  
  62  9:31  Marine  
  63  9:34  Refinery  
  60  9:43  Engineering Bay  
  58  9:46  Marine  
  58  9:48  Marine x2  
  61  10:01  SCV x2  
  61  10:04  Marine  
  61  10:06  Marine x2  
  65  10:11  Missile Turret  
  65  10:12  SCV  
  65  10:13  SCV x2  
  65  10:22  Marine  
  65  10:24  Marine x2, SCV  
  69  10:28  SCV x2  
  63  10:36  Terran Infantry Weapons Level 1, SCV  
  63  10:39  Marine  
  63  10:40  SCV  
  63  10:41  SCV  
  63  10:42  Marine x2  
  66  10:55  Siege Tank  
  69  10:57  Marine  
  69  10:59  Marine  
  69  11:00  Marine  
  65  11:13  SCV x2  
  65  11:14  SCV  
  65  11:15  Marine  
  65  11:17  Bunker, Marine  
  65  11:18  Marine  
  70  11:25  SCV  
  70  11:27  Siege Tank  
  70  11:30  Medivac  
  76  11:33  Marine  
  76  11:35  Marine x2  
  76  11:36  Orbital Command  
  76  11:37  SCV x2  
  78  11:49  SCV  
  78  11:50  SCV  
  78  11:51  Marine  
  78  11:53  Missile Turret  
  77  12:01  SCV  
  77  12:02  SCV  
  77  12:05  Orbital Command  
  59  12:18  Marine x2  
  59  12:19  Marine, SCV  
  60  12:36  Marine x3  
  63  12:39  SCV  
  63  12:40  SCV  
  63  12:41  SCV  
  63  12:42  Terran Infantry Armor Level 1  
  66  12:54  Marine x3  
  69  13:06  Supply Depot  
  69  13:09  Command Center  
  69  13:12  Supply Depot, Marine x2  
  71  13:13  Supply Depot  
  71  13:14  SCV  
  71  13:19  Siege Tank  
  75  13:20  Marine  
  75  13:25  SCV x2  
  75  13:26  SCV  
  79  13:29  Marine  
  79  13:30  Marine  
  79  13:32  Barracks  
  81  13:37  SCV  
  81  13:38  Marine, SCV x2  
  85  13:45  Barracks x2  
  85  13:47  Marine x2  
  87  13:51  Siege Tank  
  81  13:56  Marine  
  81  14:05  Marine x2  
  83  14:14  Marine  
  84  14:20  Barracks  
  84  14:23  Marine x2, Siege Tank  
  89  14:26  Marine  
  89  14:27  SCV x2  
  90  14:32  Marine  
  88  14:39  Armory  
  88  14:40  Barracks Reactor  
  88  14:41  Engineering Bay, Marine x2  
  88  14:42  Barracks Tech Lab  
  88  14:43  Marine  
  88  14:45  Concussive Shells  
  91  14:49  Refinery, Marine  
  92  14:55  Siege Tank, SCV  
  92  14:56  Missile Turret  
  96  15:00  Planetary Fortress  
  96  15:07  SCV  
  96  15:08  Sensor Tower  
  96  15:09  Marine  
  96  15:10  Bunker  
  98  15:18  Marine x5  
  98  15:19  Marine x2  
  105  15:21  Medivac  
  105  15:22  SCV  
  105  15:26  Marine, SCV  
  105  15:27  Siege Tank, SCV  
  114  15:30  Terran Infantry Weapons Level 2  
  114  15:34  SCV  
  115  15:39  Terran Infantry Armor Level 2  
  115  15:43  Barracks Tech Lab  
  111  15:52  Marine x3  
  111  15:55  Marine x4  
  120  15:58  Starport Reactor  
  118  16:05  Marine  
  118  16:09  Marine  
  118  16:10  Marine x2  
  118  16:11  SCV x2  
  124  16:14  Marine, SCV x2  
  124  16:18  Marine  
  124  16:21  Marine x2  
  124  16:23  Marine, SCV  
  122  16:26  Refinery, SCV  
  122  16:27  Marine  
  122  16:28  Refinery  
  124  16:40  Bunker  
  124  16:49  Marine  
  124  16:50  Marine  
  124  16:51  Marine x2, SCV  
  124  16:53  Siege Tank  
  124  16:54  Marine x3  
  124  16:56  Marine  
  124  16:59  Medivac  
  109  17:03  SCV  
  109  17:07  Marine  
  109  17:08  Marine  
  112  17:09  Marine, Reaper  
  112  17:12  Marine x3  
  112  17:14  Marine  
  112  17:25  Marine, Siege Tank  
  112  17:26  Marine  
  112  17:27  Marine  
  112  17:28  Factory  
  114  17:30  Marine x3  
  114  17:32  Marine  
  118  17:41  Marine  
  118  17:42  Marine  
  118  17:43  Marine  
  113  17:44  Marine  
  113  17:47  Marine  
  113  17:48  Marine  
  113  17:49  Missile Turret  
  114  17:57  Siege Tank  
  117  18:00  SCV x2  
  117  18:04  Marine x3  
  122  18:11  Missile Turret  
  121  18:15  Factory Tech Lab  
  121  18:17  Medivac  
  123  18:21  Starport  
  123  18:25  Marine  
  124  18:39  Liberator  
  124  18:42  Marine  
  124  18:43  Marine x3, Medivac  
  124  18:44  Marauder  
  124  18:45  Marauder  
  124  18:47  Siege Tank  
  122  18:48  Marine  
  122  18:49  Marine  
  114  18:56  Liberator  
  114  19:00  Marine  
  114  19:01  Marine x2  
  107  19:05  Marine x2  
  107  19:06  Marine  
  105  19:19  Siege Tank  
  105  19:20  Marine  
  108  19:29  Barracks Reactor  
  108  19:32  Terran Infantry Weapons Level 3  
  108  19:38  Marine, SCV x2  
  108  19:40  Marine, SCV  
  108  19:41  SCV  
  108  19:52  Bunker  
  108  20:18  Refinery  
  108  20:39  Supply Depot  
  108  20:42  Supply Depot  
  108  20:43  Liberator  
  108  20:44  Supply Depot  
  108  20:46  Marine x4, Siege Tank, SCV  
  116  21:00  Marine, Medivac, SCV x2  
  116  21:03  Marine x2  
  116  21:04  Marine x2, Medivac, SCV x2  
  130  21:05  Marine, Marauder  
  135  21:18  Marine, Siege Tank  
  135  21:19  Refinery  
  135  21:21  Marine  
  140  21:34  Medivac, Marauder  
  140  21:35  Marine  
  140  21:36  Marine  
  140  21:40  Marine  
  140  21:44  Marine x2, Marauder  
  138  21:53  Marine  
  77  21:54  Marine  
  77  21:55  Marauder  
  77  21:57  Marine  
Tags
 
Add a new tag
Caveats
  • Supply blocks, unpowered buildings, or Contaminate may cause inaccurate times.
  • Supply counts are checked every 10 seconds.